AoeStats
← с упругой

Fortress

509875478Analyzed
4v4 RM · 4d ago on Sep 28, 2026· 25m 18s· 8 players
Game mode
Random Map
Map size
Huge
Population
200
Speed
Normal
Resources
Standard
Victory
Conquest
Starting age
Dark Age
Ending age
Imperial Age
RankedLock teamsTeams togetherTeam positionsShared explorationLock speedFull tech treeHidden civsTurbo modeCheats
Victory
Defeat
🇲🇽 Britons · Mexico
1529
+17
🇷🇺 Saracens · Russia
1515
+18
🇹🇼 Spanish · Taiwan
1498
+18
🇩🇪 Danes · Germany
1483
+19
1655
-23
🇨🇳 Ethiopians · China
1627
-21
🇨🇳 Mongols · China
1571
-19
🇯🇵 Varangians · Japan
1335
-9
软脚虾3号
7:04 Feudal Age
8:24 Double-Bit Axe
10:46 Castle Age
8:59 Horse Collar
11:42 Bow Saw
11:58 Heavy Plow
15:06 Loom
20:07 Wheelbarrow
19:59 Gold Mining
20:00 Stone Mining
20:36 Town Watch
21:33 Gold Shaft Mining
22:50 Hand Cart
26:05 Imperial Age
24:07 Fletching
24:17 Padded Archer Armor
25:03 Thumb Ring
24:55 Bodkin Arrow
Chechito
7:31 Feudal Age
11:14 Castle Age
11:02 Loom
13:46 Loom
18:06 Imperial Age
16:20 Fletching
17:34 Double-Bit Axe
17:57 Bodkin Arrow
23:51 Bracer
с упругой
8:26 Feudal Age
9:39 Double-Bit Axe
9:45 Horse Collar
12:21 Castle Age
13:23 Wheelbarrow
13:36 Bow Saw
14:37 Heavy Plow
18:36 Husbandry
19:29 Scale Barding Armor
20:34 Chain Barding Armor
21:36 Forging
22:09 Bloodlines
25:04 Iron Casting
28:16 Imperial Age
25:33 Loom
25:33 Town Watch
1165498765132
8:16 Feudal Age
11:46 Castle Age
9:51 Double-Bit Axe
10:03 Horse Collar
12:58 Bow Saw
15:23 Fervor
17:06 Loom
21:19 Wheelbarrow
25:55 Imperial Age
23:33 Padded Archer Armor
23:35 Husbandry
24:45 Hand Cart
25:48 Bloodlines
25:54 Leather Archer Armor
张宇腾
6:31 Feudal Age
10:07 Castle Age
8:09 Double-Bit Axe
8:18 Horse Collar
11:05 Bow Saw
10:58 Heavy Plow
11:05 Loom
11:07 Town Watch
13:52 Fletching
17:43 Wheelbarrow
16:57 Crossbowman
18:43 Ballistics
18:41 Bodkin Arrow
20:23 Gold Mining
24:36 Imperial Age
23:02 Padded Archer Armor
24:12 Leather Archer Armor
25:37 Hand Cart
暴风星云裂
7:32 Feudal Age
8:15 Double-Bit Axe
11:07 Castle Age
9:07 Horse Collar
12:10 Bow Saw
14:15 Wheelbarrow
17:54 Hand Cart
19:00 Loom
19:55 Gold Mining
24:00 Imperial Age
21:42 Scale Mail Armor
22:07 Squires
23:23 Chain Mail Armor
24:04 Capped Ram
czj136
6:49 Feudal Age
8:28 Loom
11:09 Castle Age
9:03 Double-Bit Axe
9:12 Horse Collar
17:43 Wheelbarrow
19:07 Gold Mining
19:40 Fletching
20:26 Bodkin Arrow
20:49 Padded Archer Armor
23:44 Stone Mining
26:48 Imperial Age
自有大儒为我辩经
7:24 Feudal Age
8:47 Double-Bit Axe
11:35 Castle Age
12:47 Bow Saw
17:20 Wheelbarrow
19:17 Hand Cart
19:28 Gold Mining
19:31 Loom
21:13 Gold Shaft Mining
24:45 Imperial Age
23:34 Husbandry
23:41 Scale Barding Armor
23:47 Forging
25:00 Chain Barding Armor
24:48 Cavalier
26:06 Iron Casting
26:13 Conscription
Connection lost

Rejoining the realm…

Still unreachable

The connection could not be restored.

Session expired

The server has moved on; the page needs a fresh start.